 Dungeon Crawl Stone Soup version 0.23-a0-183-gf37f6fb (webtiles) character file.

25 namelastname112 the Sneak (level 2, -6/25 HPs)
             Began as a Draconian Assassin on Sept 21, 2018.
             Shot with an arrow by a centaur (15 damage)
             ... on level 2 of the Dungeon.
             The game lasted 00:02:27 (883 turns).

namelastname112 the Sneak (Draconian Assassin)       Turns: 883, Time: 00:02:28

Health: -6/25      AC:  5    Str: 13    XL:     2   Next: 82%
Magic:  2/2        EV: 12    Int: 11    God:
Gold:   76         SH:  0    Dex: 12    Spells: 1/1 levels left

rFire    . . .     SeeInvis .   a - +2 dagger
rCold    . . .     Gourm    .   (no shield)
rNeg     + . .     Faith    .   (armour unavailable)
rPois    .         Spirit   .   (helmet restricted)
rElec    .         Reflect  .   c - +0 cloak
rCorr    .         Harm     .   (no gloves)
MR       .....                  (no boots)
Stlth    +++.......             (no amulet)
HPRegen  0.08/turn              i - ring of stealth
MPRegen  0.08/turn              m - ring of positive energy

@: no status effects
A: unfitting armour, cold-blooded, AC +4
a: no special abilities


You were on level 2 of the Dungeon.
You were not hungry.

You visited 1 branch of the dungeon, and saw 2 of its levels.

You collected 76 gold pieces.

Inventory:

Hand Weapons
 a - a +2 dagger (weapon)
 b - a +0 blowgun
Missiles
 d - 8 poisoned needles
 e - 2 curare-tipped needles
Armour
 c - a +0 cloak (worn)
Jewellery
 i - a ring of stealth (left hand)
 m - a ring of positive energy (right hand)
Scrolls
 g - a scroll of remove curse {unknown}
 h - a scroll of identify {unknown}
 j - 2 scrolls of teleportation {unknown}
 o - a scroll of enchant armour {unknown}
 p - a scroll of fog {unknown}
Potions
 k - 3 potions of curing {unknown}
 l - a potion of invisibility {unknown}
 n - a potion of might {unknown}
Comestibles
 f - 3 rations


   Skills:
 + Level 2.3 Fighting
 * Level 2.5 Short Blades
 + Level 2.0 Throwing
 + Level 1.1 Dodging
 * Level 3.9 Stealth


You had one spell level left.
You didn't know any spells.
Your spell library was empty.

Dungeon Overview and Level Annotations

Branches:
Dungeon (2/15)

Altars:
Hepliaklqana


Innate Abilities, Weirdness & Mutations

Your plain brown scales are hard. (AC +4)
You cannot fit into any form of body armour.
You are cold-blooded and may be slowed by cold attacks.


Message History

Done exploring.
There is a stone staircase leading down here.
You climb downwards.
A leopard gecko comes into view.
Found 15 gold pieces and a leather armour.
There is a stone staircase leading up here.
A centaur comes into view.
A centaur comes into view.
The leopard gecko hisses angrily.
The centaur shouts!
The leopard gecko bites you.
The centaur wields a shortbow.
The centaur shoots an arrow.
The arrow hits you!
Ouch! That really hurt!
The leopard gecko barely misses you.
You see here an arrow.
You take 17 damage, and have 8/25 hp.
MASSIVE DAMAGE!!
You are too injured to fight recklessly!
The centaur shoots an arrow.
The arrow hits you!
Ouch! That really hurt!
You die...

...# #...#
.... #...#
.....#...#
.....#...#
.........#
#..(.## ..
#...c.#
..c.[.#..l#
......#..@#
....c.....#
....###..<#
#... #...#
..# #...#
#...# #####


You could see 2 centaurs and a leopard gecko.

Vanquished Creatures
  A dart slug (D:1)
  A leopard gecko (D:1)
  2 giant cockroaches (D:1)
  6 goblins (D:1)
  A hobgoblin (D:1)
  2 ball pythons (D:1)
  3 bats (D:1)
  2 frilled lizards (D:1)
  A kobold (D:1)
  3 rats (D:1)
22 creatures vanquished.

Notes
Turn   | Place    | Note
-------+----------+-------------------------------------------
     0 | D:1      | namelastname112 the Draconian Assassin began the quest for
                  | the Orb.
     0 | D:1      | Reached XP level 1. HP: 17/17 MP: 1/1
   100 | D:1      | Reached skill level 1 in Dodging
   166 | D:1      | Found a hazy altar of Hepliaklqana.
   227 | D:1      | Reached XP level 2. HP: 24/24 MP: 2/2
   876 | D:2      | Noticed a centaur
   879 | D:2      | Noticed a centaur
   883 | D:2      | Shot with an arrow by a centaur

Vault maps used:
D:1:      dpeg_arrival_tiny_g, minmay_misc_feat_chi, kennysheep_flooded_box,
          hangedman_decor_clover_reticule, bh_walls_and_bars
D:2:      grunt_temple_overflow_diamond, chequers_ecumenical_altar_grove,
          uniq_sigmund

Skill      XL: |  1  2 |
---------------+-------+-----
Dodging        | 1 |  1.1
Throwing       | 2 |  2.0
Fighting       | |  2.3
Short Blades   | |  2.5
Stealth        | |  3.9

Action                   || total
-------------------------++-------
Melee: Dagger            ||    54
       Tailslap          ||     5
 Stab: Sleeping          ||     5
Armor: Skin              ||    16
Dodge: Dodged            ||    25

Table legend:
 A = Non-vault XP
 B = Vault XP
 C = Vault XP percentage of total XP
 D = Non-vault monster count
 E = Vault monster count
 F = Vault count percentage of total count
                 A         B        C        D         E       F
            +---------+---------+-------+---------+---------+-------
      Total |      36 |       0 |   0.0 |      22 |       0 |   0.0
            +---------+---------+-------+---------+---------+-------
        D:1 |      36 |       0 |   0.0 |      22 |       0 |   0.0
            +---------+---------+-------+---------+---------+-------
